 Dungeon Crawl Stone Soup version 0.23.1 (webtiles) character file.

Game seed: 12827370153769287104

406 Borgoz the Sneak (level 6, -3/51 HPs)
             Began as a Ghoul Assassin on Mar 7, 2019.
             Killed from afar by an orc wizard (7 damage)
             ... with a puff of flame
             ... on level 4 of the Dungeon.
             The game lasted 00:07:20 (3933 turns).

Borgoz the Sneak (Ghoul Assassin)                   Turns: 3933, Time: 00:07:20

Health: -3/51      AC:  9    Str: 15      XL:     6   Next: 87%
Magic:  5/5        EV: 10    Int:  8      God:
Gold:   199        SH:  0    Dex:  8 (10) Spells: 5/5 levels left

rFire    x . .     SeeInvis .   a - +2 dagger
rCold    + + .     Gourm    .   (no shield)
rNeg     + + +     Faith    .   m - +1 scale mail {MR+}
rPois    ∞         Spirit   .   h - +0 helmet
rElec    .         Reflect  .   d - +0 cloak
rCorr    .         Harm     .   (no gloves)
MR       +....                  (no boots)
Stlth    +.........             (no amulet)
HPRegen  0.00/turn              c - ring of ice
MPRegen  0.09/turn              (no ring)

@: rotting
A: rotting body, claws 1, carnivore, cold resistance 1, negative energy
resistance 3, inhibited regeneration, torment resistance, unbreathing
a: no special abilities


You were on level 4 of the Dungeon.
You were not hungry.

You visited 1 branch of the dungeon, and saw 4 of its levels.

You collected 199 gold pieces.

Inventory:

Hand Weapons
 a - a +2 dagger (weapon)
 b - a +0 blowgun
 l - the +1 whip "Zikhufeff" {flame, rF+ Str+5}
   (You found it on level 4 of the Dungeon)

   It has been specially enchanted to burn those struck by it, causing extra
   injury to most foes and up to half again as much damage against particularly
   susceptible opponents.
   It affects your strength (+5).
   It protects you from fire.
Missiles
 e - 16 poisoned needles
 f - 2 curare-tipped needles
Armour
 d - a +0 cloak (worn)
 h - a +0 helmet (worn)
 m - a +1 scale mail of magic resistance (worn)
 o - a +1 leather armour
 t - the cursed +0 leather armour of Context {+Inv, unknown}
   (You found it on level 4 of the Dungeon)

   It lets you turn invisible.
   It has a curse placed upon it.
Jewellery
 c - a ring of ice (left claw)
Wands
 q - a wand of disintegration (21)
Scrolls
 j - 2 scrolls of remove curse
 k - 3 scrolls of enchant armour
 r - 3 scrolls of identify
 s - a scroll of amnesia
Potions
 p - a potion of cancellation
Comestibles
 g - 5 rations


   Skills:
 + Level 3.6 Fighting
 * Level 4.0 Short Blades
 - Level 1.7 Throwing
 + Level 2.2 Armour
 + Level 2.5 Dodging
 + Level 5.4 Stealth


You had 5 spell levels left.
You didn't know any spells.
Your spell library was empty.

Dungeon Overview and Level Annotations

Branches:
Dungeon (4/15)
 Temple: D:4-7

Altars:
Ashenzari
Cheibriados
Elyvilon
Ru
Wu Jian

Annotations:
D:4 Crazy Yiuf


Innate Abilities, Weirdness & Mutations

Your body is rotting away.
You thrive on raw meat.
You are immune to poison.
You have sharp fingernails.
You are carnivorous and can eat meat at any time.
Your flesh is cold resistant. (rC+)
You are immune to negative energy. (rN+++)
You do not regenerate when monsters are visible.
You are immune to unholy pain and torment.
You can survive without breathing.


Message History

The crimson imp hits you but does no damage.
You hear some strange, mumbled words.
A magic dart appears from out of thin air!
The magic dart hits you.
* * * LOW HITPOINT WARNING * * *
You miss something.
The crimson imp hits you but does no damage.
Something hits you but does no damage.
You closely miss something. The crimson imp misses you.
Something hits you but does no damage.
You closely miss something.
The crimson imp hits you but does no damage.
You closely miss something. Something hits you.
* * * LOW HITPOINT WARNING * * *
You hit something but do no damage. The crimson imp hits you.
* * * LOW HITPOINT WARNING * * *
You hear some strange, mumbled words.
A puff of flame appears from out of thin air!
The puff of flame hits you! The fire burns you terribly!
You die...

###
#.#####.#..#..######
#....###......#
##.####..#..#..####.#
#........##...##
#..####.####.## #.##
#§# #.# #... #.# #.#
### #.####.# #.#####
#oo{@5.# #.....#
######## #####.#####
#...... #######


You could see a crimson imp and 2 orcs.

Vanquished Creatures
  A phantom (D:4)
  An ogre (D:4)
  2 orc priests
  An orc wizard (D:4)
  Terence (D:2)
  A worker ant (D:4)
  Robin (D:4)
  2 adders
  2 worms
  4 leopard geckos
  3 orcs
  12 bats
  4 giant cockroaches
  14 goblins
  7 hobgoblins
  A quokka (D:4)
  3 frilled lizards
  6 kobolds
  2 rats
  A toadstool (D:1)
69 creatures vanquished.

Vanquished Creatures (others)
  3 toadstools (D:1)
3 creatures vanquished.

Grand Total: 72 creatures vanquished

Notes
Turn   | Place    | Note
-------+----------+-------------------------------------------
     0 | D:1      | Borgoz the Ghoul Assassin began the quest for the Orb.
     0 | D:1      | Reached XP level 1. HP: 17/17 MP: 0/0
    48 | D:1      | Reached skill level 1 in Dodging
   158 | D:1      | Reached XP level 2. HP: 22/25 MP: 1/1
   854 | D:2      | Reached XP level 3. HP: 24/30 MP: 2/2
  1388 | D:3      | Found a sacrificial altar of Ru.
  1414 | D:3      | Reached skill level 1 in Armour
  1421 | D:3      | Reached XP level 4. HP: 24/37 MP: 3/3
  1627 | D:3      | Found a faded altar of an unknown god.
  1713 | D:2      | Found a snail-covered altar of Cheibriados.
  1832 | D:2      | Found an ornate altar of the Wu Jian Council.
  2036 | D:2      | Noticed Terence
  2093 | D:2      | Killed Terence
  2093 | D:2      | Reached XP level 5. HP: 8/45 MP: 4/4
  2602 | D:4      | Got a dazzling whip
  2603 | D:4      | Identified the +1 whip "Zikhufeff" {flame, rF+ Str+5} (You
                  | found it on level 4 of the Dungeon)
  2678 | D:4      | Reached skill level 5 in Stealth
  3069 | D:4      | Found a runed translucent door.
  3070 | D:4      | Noticed Crazy Yiuf
  3419 | D:4      | Found a white marble altar of Elyvilon.
  3472 | D:4      | Found a shattered altar of Ashenzari.
  3474 | D:4      | Noticed an ogre
  3511 | D:4      | Killed an ogre
  3511 | D:4      | Reached XP level 6. HP: 49/49 MP: 5/5
  3572 | D:4      | Noticed Robin
  3607 | D:4      | Killed Robin
  3750 | D:4      | Noticed a phantom
  3790 | D:4      | Got a translucent leather armour
  3832 | D:4      | Killed a phantom
  3866 | D:4      | Found the ring of the Octopus King
  3933 | D:4      | Killed from afar by an orc wizard

Skill      XL: |  1  2  3  4  5  6 |
---------------+-------------------+-----
Dodging        | 1 2 |  2.5
Short Blades   | 2 3 4 |  4.0
Armour         | 1 2 |  2.2
Fighting       | 3 |  3.6
Stealth        | 5 |  5.4
Throwing       | |  1.7

Action                   |  1- 3 |  4- 6 || total
-------------------------+-------+-------++-------
Melee: Dagger            |   110 |   261 ||   371
       Whip              |       |    19 ||    19
 Fire: Blowgun           |       |    13 ||    13
  Use: Potion            |     2 |     6 ||     8
       Scroll            |       |     6 ||     6
 Stab: Sleeping          |     5 |     5 ||    10
  Eat: Chunk             |     4 |    22 ||    26
Armor: Robe              |    14 |       ||    14
       Leather armour    |    42 |    31 ||    73
       Scale mail        |       |    75 ||    75
Dodge: Dodged            |    74 |   115 ||   189
